cohdb
Replays
Latest Replays
All Replays
Popular Replays
Top Player Replays
Match Explorer
How It Works
Community
CoH3 Stats
Reddit
Sign in to upload your games and track your stats! →
Sign in with Steam
Match 27983286
Unlisted
Match 27983286
Overview
Messages
Build Orders
End
Construct Section Command Post
Royal Engineer Section
Royal Engineer Section
Dingo Light Scout Car
Dingo Light Scout Car
Selects Air and Sea Battlegroup
Selects Supply Surplus
Construct Resource Cache
Construct Resource Cache
Construct Resource Cache
Construct Resource Cache
Construct Resource Cache
Construct Platoon Command Post
Construct Resource Cache
Selects Centaur Medium Tank
Centaur Medium Tank
Construct Company Command Post
Unlock M3 Grant Medium Tanks
972948593
my worst self
Friendly Mouse(Poxie)
PRESI
Yat Sen
Baby Billy
t. Alberto Barbosa
NARIEL
0
0
Comments
sign in to comment!
No comments posted yet!